Map: Lightshade LE

Players

A.I. 1 (Easy)

  • Race: Zerg Zerg
  • Spawn Location: 5:00

Methyle - Winner!

  • Race: Terran Terran
  • League: Gold
  • Spawn Location: 11:00

VOD

Have the link to the VOD?

Description

Max Violence

Time

  • Played on: Feb. 16, 2021, 4 p.m.
  • Length: 5:00
Show
View Real Time Build Order
Export as new Build Order

A.I. 1 (Easy) Zerg 

Build Orders: Pool Only 

Get SALT Encoding   

  12  0:00  Drone  
  13  0:12  Overlord  
  13  0:16  Drone  
  14  0:30  Drone  
  14  0:35  Drone  
  16  0:43  Spawning Pool  
  16  0:45  Extractor  
  16  0:46  Drone  
  15  0:50  Drone  
  16  0:57  Overlord  
  16  1:30  Zergling x2, Queen  
  16  1:32  Roach Warren  
  18  1:34  Extractor, Drone  
  18  1:41  Drone  
  18  1:42  Zergling x2  
  20  1:53  Zergling x2  
  21  2:04  Zergling x2  
  22  2:13  Overlord  
  22  2:24  Zergling x2  
  23  2:35  Zergling x2  
  23  2:37  Drone  
  25  2:41  Drone  
  26  2:45  Drone  
  26  2:47  Roach  
  29  2:57  Overlord  
  29  3:08  Drone, Roach  
  32  3:13  Drone  
  32  3:17  Drone  
  34  4:03  Zergling x2  
  27  4:14  Queen  
  27  4:15  Zergling x2  
  24  4:26  Zergling x2  
  24  4:38  Drone, Zergling x2  
  15  4:42  Drone  
  9  4:46  Drone  
  9  4:52  Spawning Pool  
Show
View Real Time Build Order
Export as new Build Order

Methyle Terran - Winner!

Build Orders:  

Get SALT Encoding   

  12  0:00  SCV  
  13  0:12  SCV  
  14  0:17  Supply Depot  
  14  0:24  SCV  
  15  0:38  SCV  
  15  0:40  Barracks  
  16  0:51  SCV  
  16  0:53  Barracks  
  17  1:03  SCV  
  18  1:08  Barracks  
  18  1:16  SCV  
  19  1:28  SCV, Marine  
  21  1:33  Supply Depot  
  21  1:40  Marine  
  21  1:42  Orbital Command  
  21  1:45  Marine  
  23  1:55  Marine  
  23  1:56  Barracks  
  23  1:59  Marine  
  25  2:05  Supply Depot  
  25  2:08  Marine  
  26  2:11  SCV  
  26  2:13  Marine  
  28  2:19  Marine  
  29  2:24  SCV  
  29  2:27  Supply Depot, Marine  
  31  2:32  Marine  
  31  2:36  SCV  
  33  2:37  Marine  
  33  2:43  Barracks, Marine  
  35  2:50  Supply Depot  
  35  2:53  Marine x2  
  35  2:57  SCV  
  35  2:58  Marine  
  39  3:03  Marine  
  40  3:10  Marine  
  40  3:11  Barracks, Marine  
  42  3:16  Marine  
  43  3:24  Supply Depot  
  43  3:25  Marine  
  44  3:28  Marine  
  44  3:33  Barracks  
  45  3:35  SCV  
  45  3:37  Marine x2  
  48  3:42  Marine x2  
  48  3:47  SCV  
  51  3:49  Supply Depot  
  51  3:51  Marine  
  52  3:57  Marine  
  52  3:58  Marine x2  
  51  4:12  SCV, Marine x3  
  54  4:27  Marine x4  
  54  4:28  SCV  
  59  4:37  Marine x2  
  59  4:38  Marine  
  62  4:40  SCV  
Tags
 
League
Gold
Matchup
TvZ
Opening
Pool Only
Spawn Locations
Cross Positions
Add a new tag
Caveats
  • Supply blocks, unpowered buildings, or Contaminate may cause inaccurate times.
  • Supply counts are checked every 10 seconds.